 Dungeon Crawl Stone Soup version 0.25-a0-869-g05d4e06a41 (webtiles) character file.

Game seed: 14442847459214156031, levelgen mode: deterministic

1134 Maedhros the Spear-Bearer (level 8, -2/52 HPs)
             Began as an Octopode Chaos Knight on May 1, 2020.
             Was a Plaything of Xom.
             Slain by a phantom (10 damage)
             ... on level 5 of the Dungeon.
             The game lasted 00:05:08 (3312 turns).

Maedhros the Spear-Bearer (Octopode Chaos Knight)   Turns: 3312, Time: 00:05:09

Health: -2/52      AC:  1    Str: 12    XL:     8   Next: 36%
Magic:  8/8        EV: 13    Int: 14    God:    Xom [......]
Gold:   196        SH:  0    Dex: 13    Spells: 7/7 levels left

rFire    + . .     SeeInvis .   a - +0 spear (chaos)
rCold    x . .     Gourm    .   (no shield)
rNeg     . . .     Faith    .   (helmet restricted)
rPois    .         Spirit   .   j - amulet of harm
rElec    .         Reflect  .   h - ring of fire
rCorr    .         Harm     +   (no ring)
MR       +....                  (no ring)
Stlth    ++........             (no ring)
HPRegen  0.17/turn              (no ring)
MPRegen  0.11/turn              (no ring)
                                (no ring)
                                (no ring)

@: no status effects
A: almost no armour, stealthy swim, amphibious, 8 rings, constrict 8, camouflage
1, blurry vision 1, magic resistance 1, wild magic 1, gelatinous body 1
a: Renounce Religion


You were on level 5 of the Dungeon.
You worshipped Xom.
You were a very special plaything of Xom.
You were not hungry.

You visited 1 branch of the dungeon, and saw 5 of its levels.

You collected 196 gold pieces.

Inventory:

Hand Weapons
 a - a +0 spear of chaos (weapon)
Jewellery
 h - a ring of fire (left tentacle)
 j - an amulet of harm (around mantle)
Scrolls
 d - 3 scrolls of remove curse {unknown}
 e - 4 scrolls of teleportation {unknown}
 f - a scroll of magic mapping {unknown}
 g - 2 scrolls of immolation {unknown}
 k - 2 scrolls of identify {unknown}
 m - a scroll of blinking {unknown}
Potions
 c - 2 potions of ambrosia
 i - a potion of flight {unknown}
 l - 2 potions of curing {unknown}
 n - a potion of heal wounds
 o - a potion of haste {unknown}
Comestibles
 b - 3 rations


   Skills:
 - Level 3.0 Fighting
 + Level 10.1 Polearms
 - Level 2.3 Dodging


You had 7 spell levels left.
You didn't know any spells.
Your spell library was empty.

Dungeon Overview and Level Annotations

Branches:
Dungeon (5/15)
 Temple: D:4-7

Altars:
Elyvilon
Hepliaklqana
Nemelex Xobeh
Trog
Wu Jian

Annotations:
D:4 Natasha
D:5 2 transporters, harlaan's ghost, amateur DESu


Innate Abilities, Weirdness & Mutations

You cannot wear most types of armour.
You are very stealthy in the water. (Stealth+)
You are amphibious.
You can wear up to eight rings at the same time.
You can use your tentacles to constrict eight enemies at once.
Your skin changes colour to match your surroundings (Stealth+).
Your rubbery body absorbs attacks. (AC +1, EV +1)
Scrolls take you a little longer to read.
You are resistant to hostile enchantments. (MR+)
Your spells are a little harder to cast, but a little more powerful.


Message History

The phantom is too close now for your liking.
Attack whom?
Press: ? - help, Dir - move target cursor, f/p - phantom
Aim: a phantom (lightly damaged)
You hit the phantom but do no damage. Your squeeze misses the phantom.
The phantom is lightly damaged.
Attack whom?
Press: ? - help, Dir - move target cursor, f/p - phantom
Aim: a phantom (lightly damaged)
You hit the phantom.
The phantom is moderately damaged.
The phantom hits you!
* * * LOW HITPOINT WARNING * * *
Attack whom?
Press: ? - help, Dir - move target cursor, f/p - phantom
Aim: a phantom (moderately damaged)
You hit the phantom. You burn the phantom.
The phantom is moderately damaged.
The phantom hits you!
You die...

###### ## #....#
##+# $ +....#
#..#.#.#....# #..
..#..).# .
###########W## .#
#......#..@..# #.#
#†.....#.....# ..##
#..##..#..#..#
(..####..##..#.....#
.(.#..#......'.....#
.............#######
####..#########.
..##...##..# ....
#..##.....##.....


You could see a phantom.

Vanquished Creatures
  An orange demon (D:4)
  A centaur (D:5)
  An ogre (D:4)
  A bullfrog (D:5)
  A scorpion (D:5)
  3 hounds (D:4)
  An orc wizard (D:2)
  2 orc priests
  2 bullfrog skeletons
  An iguana (D:5)
  3 worker ants (D:5)
  A hound zombie (D:5)
  A worker ant zombie (D:5)
  4 gnolls (D:2)
  3 adders
  A river rat (D:2)
  3 oozes
  An adder skeleton (D:4)
  4 worms
  A dart slug (D:4)
  12 orcs
  4 bats
  A giant cockroach (D:3)
  4 goblins
  A hobgoblin (D:2)
  2 jackals (D:4)
  10 kobolds
  2 quokkas
  3 ball pythons
  3 frilled lizards
  2 jackal skeletons (D:5)
  8 rats
88 creatures vanquished.

Vanquished Creatures (collateral kills)
  An orc priest (D:3)
  An orc wizard (D:3)
  A leopard gecko (D:3)
  5 orcs (D:3)
8 creatures vanquished.

Grand Total: 96 creatures vanquished

Notes
Turn   | Place    | Note
-------+----------+-------------------------------------------
     0 | D:1      | Maedhros the Octopode Chaos Knight began the quest for the
                  | Orb.
     0 | D:1      | Reached XP level 1. HP: 16/16 MP: 1/1
    66 | D:1      | XOM: silly message
   261 | D:1      | Reached XP level 2. HP: 21/21 MP: 2/2
   299 | D:2      | XOM: enchant monster (bad)
   344 | D:2      | XOM: give mutation
   344 | D:2      | Gained mutation: Scrolls take you a little longer to read.
                  | [Xom's mischief]
   350 | D:2      | Reached skill level 4 in Polearms
   383 | D:2      | XOM: polymorph rat -> river rat
   398 | D:2      | XOM: torment (8/21 hp)
   406 | D:2      | Reached XP level 3. HP: 11/26 MP: 3/3
   529 | D:1      | XOM: give mutations
   529 | D:1      | Gained mutation: You are agile. (Dex +2) [Xom's mischief]
   529 | D:1      | Lost mutation: You are agile. (Dex +2) [Xom's mischief]
   529 | D:1      | Gained mutation: You are weak. (Str -2) [Xom's mischief]
   529 | D:1      | Gained mutation: Your spells are a little harder to cast,
                  | but a little more powerful. [Xom's mischief]
   982 | D:2      | XOM: butterfly on damage
   983 | D:2      | Reached XP level 4. HP: 20/31 MP: 4/4
   997 | D:2      | Reached skill level 5 in Polearms
  1036 | D:3      | XOM: chaos cloud
  1270 | D:2      | Reached XP level 5. HP: 15/36 MP: 5/5
  1277 | D:2      | XOM: smoke on damage
  1282 | D:2      | XOM: blink monster(s)
  1313 | D:2      | XOM: silly message
  1354 | D:2      | XOM: stat loss: -1 Int (13/14)
  1385 | D:2      | XOM: stat loss: -1 Dex (11/12)
  1414 | D:3      | XOM: 5-stop teleportation journey
  1459 | D:3      | Reached skill level 6 in Polearms
  1523 | D:3      | Reached XP level 6. HP: 38/42 MP: 6/6
  1556 | D:3      | Found a sparkling altar of Nemelex Xobeh.
  1561 | D:3      | XOM: give mutations
  1561 | D:3      | Gained mutation: You are resistant to hostile enchantments.
                  | (MR+) [Xom's grace]
  1561 | D:3      | Lost mutation: You are weak. (Str -2) [Xom's grace]
  1901 | D:4      | Reached skill level 7 in Polearms
  1952 | D:4      | Noticed Grinder
  1961 | D:4      | XOM: butterfly on damage
  1964 | D:4      | Noticed Grinder
  1964 | D:4      | Grinder changed into Grinder the neqoxec
  1965 | D:4      | XOM: 2-stop teleportation journey
  2066 | D:4      | XOM: god gift: 3 scrolls labeled LELEANGU PABOI {god gift}
  2105 | D:4      | Noticed Grinder
  2105 | D:4      | Grinder the neqoxec changed into Grinder the orange demon
  2111 | D:4      | XOM: smoke on damage
  2112 | D:4      | Killed Grinder the orange demon
  2112 | D:4      | Reached skill level 8 in Polearms
  2112 | D:4      | Reached XP level 7. HP: 20/46 MP: 7/7
  2292 | D:4      | XOM: 3-stop teleportation journey
  2653 | D:4      | Reached skill level 9 in Polearms
  2681 | D:4      | Found an ornate altar of the Wu Jian Council.
  2693 | D:4      | Found a white marble altar of Elyvilon.
  2693 | D:4      | Found a hazy altar of Hepliaklqana.
  2803 | D:4      | Noticed Natasha
  2804 | D:4      | Found a bloodstained altar of Trog.
  2910 | D:5      | Entered Level 5 of the Dungeon
  2918 | D:5      | XOM: summons 4 hostile demons
  2919 | D:5      | Noticed an ice devil
  2919 | D:5      | Reached XP level 8. HP: 52/52 MP: 8/8
  3128 | D:5      | XOM: butterfly on damage
  3210 | D:5      | Found a transporter.
  3210 | D:5      | Found a transporter.
  3211 | D:5      | Noticed harlaan's ghost (amateur DESu)
  3297 | D:5      | Reached skill level 10 in Polearms
  3312 | D:5      | Slain by a phantom

Levels and vault maps discovered:
D:1:      lightli_arrival_windingriver, layout_basic, minmay_octomino_e4
D:2:      cheibrodos_pilgrimage, layout_basic
D:3:      layout_basic, nemelex_xobeh_ov_fountains_minmay, grunt_ministairs_13,
          elyvilon_altar_3
D:4:      layout_loops_cross, minitemple, nicolae_overflow_hidden_temple,
          first_ration, kennysheep_generic_room_16, uniq_natasha, uniq_grinder
D:5:      minmay_clustersquares, layout_cave_pools,
          nicolae_overflow_crystal_walls, evilmike_ruin_ashenzari,
          overflow_temple_1_default, gammafunk_ghost_hive, serial_rivers,
          chequers_serial_rivers_micro_a, chequers_serial_rivers_small_3,
          chequers_serial_rivers_small_3, chequers_serial_rivers_room_a,
          lemuel_old_faithful

Skill      XL: |  1  2  3  4  5  6  7  8 |
---------------+-------------------------+-----
Polearms       | 4 5 6 8 9 10 | 10.1
Fighting       | |  3.0
Dodging        | |  2.3

Action                   |  1- 3 |  4- 6 |  7- 9 || total
-------------------------+-------+-------+-------++-------
Melee: Spear             |    56 |   109 |    99 ||   264
       Constrict         |    11 |    15 |    15 ||    41
       Tentacles         |     6 |    12 |    17 ||    35
  Use: Potion            |       |     4 |       ||     4
 Stab: Sleeping          |     4 |     3 |     8 ||    15
       Paralysed         |       |     1 |     1 ||     2
       Distracted        |       |     1 |       ||     1
  Eat: Chunk             |       |     2 |     2 ||     4
       Ration            |       |       |     1 ||     1
Armor: Skin              |     2 |    21 |     4 ||    27
Dodge: Dodged            |    23 |    39 |    29 ||    91

Table legend:
 A = Non-vault XP
 B = Vault XP
 C = Vault XP percentage of total XP
 D = Non-vault monster count
 E = Vault monster count
 F = Vault count percentage of total count
                 A         B        C        D         E       F
            +---------+---------+-------+---------+---------+-------
      Total |     882 |     738 |  45.6 |      79 |      17 |  17.7
            +---------+---------+-------+---------+---------+-------
        D:1 |      12 |       0 |   0.0 |       8 |       0 |   0.0
        D:2 |     116 |      98 |  45.8 |      26 |       6 |  18.8
        D:3 |      78 |      71 |  47.7 |      16 |       6 |  27.3
        D:4 |     380 |     399 |  51.2 |      20 |       1 |   4.8
        D:5 |     296 |     170 |  36.5 |       9 |       4 |  30.8
            +---------+---------+-------+---------+---------+-------
